 Dungeon Crawl Stone Soup version 0.26.1-11-gd32895ea62 (webtiles) character file.

Game seed: 5142053936906516035

4654 jlumianski the Summoner (level 10, -12/39 HPs)
             Began as a Felid Summoner on May 26, 2021.
             Was an Elder of Dithmenos.
             Killed from afar by an electric eel (16 damage)
             ... with a bolt of electricity
             ... on level 11 of the Dungeon.
             The game lasted 01:40:56 (17815 turns).

jlumianski the Summoner (Felid Summoner)           Turns: 17815, Time: 01:40:59

Health: -12/39     AC:  6    Str:  4    XL:     10   Next: 20%
Magic:  20/23      EV: 24    Int: 28    God:    Dithmenos [****..]
Gold:   285        SH:  0    Dex: 17    Spells: 8/25 levels left
                                        Lives:  0   Deaths: 3

rFire    . . .     SeeInvis +     - Unarmed
rCold    . . .     Faith    .   (shield unavailable)
rNeg     . . .     Spirit   .   (armour unavailable)
rPois    .         Reflect  .   (helmet unavailable)
rElec    .         Harm     .   (cloak unavailable)
rCorr    .         Rampage  .   (gloves unavailable)
Will     +....                  (boots unavailable)
Stlth    +++++.....             (no amulet)
HPRegen  0.13/turn              i - +4 ring of protection
MPRegen  0.18/turn              A - +6 ring of intelligence

@: wreathed by umbra, studying Air Magic, quick
A: very small, no armour, no weapons or thrown items, stealth, claws 1, fangs 3,
see invisible, clever 1, speed 1, mutation resistance 1, shaggy fur 2, sharp
paws
a: Renounce Religion, Shadow Step


You were on level 11 of the Dungeon.
You worshipped Dithmenos.
Dithmenos was greatly pleased with you.
You visited 2 branches of the dungeon, and saw 12 of its levels.

You collected 543 gold pieces.
You spent 258 gold pieces at shops.

Inventory:

Jewellery
 b - a cursed ring of protection from cold
 c - an uncursed ring of willpower
 i - a +4 ring of protection (left paw)
 p - an uncursed ring of poison resistance
 z - a +6 ring of dexterity
 A - a +6 ring of intelligence (right paw)
Wands
 j - a wand of flame (23)
 r - a wand of iceblast (10)
 y - a wand of digging (7)
Scrolls
 d - 2 scrolls of magic mapping
 e - 3 scrolls of fear
 f - 4 scrolls of immolation
 k - 3 scrolls of enchant weapon
 o - 2 scrolls of blinking
 u - 2 scrolls of amnesia
 v - 2 scrolls of fog
 w - 4 scrolls of teleportation
 B - 4 scrolls of identify
 D - 2 scrolls of enchant armour
 E - a scroll of torment {unknown}
Potions
 a - 3 potions of haste
 g - a potion of ambrosia
 l - a potion of might
 m - 3 potions of attraction
 n - a potion of lignification
 q - a potion of berserk rage {unknown}
 s - a potion of brilliance {unknown}
 t - a potion of mutation
 x - a potion of cancellation {unknown}
 C - 2 potions of heal wounds
 F - a potion of curing
Books
 h - a manual of Air Magic


   Skills:
 + Level 1.3 Fighting
 * Level 8.1 Dodging
 + Level 5.4 Stealth
 * Level 5.9 Unarmed Combat
 + Level 8.0 Spellcasting
 + Level 4.8 Hexes
 + Level 9.0 Summonings
 * Level 4.0 Fire Magic
 * Level 7.5 Air Magic
 + Level 0.1 Evocations


You had 8 spell levels left.
You knew the following spells:

 Your Spells              Type           Power        Failure   Level
a - Summon Small Mammal   Summ           100%         1%          1
b - Call Imp              Summ           57%          1%          2
c - Call Canine Familiar  Summ           57%          1%          3
d - Summon Guardian Gole  Hex/Summ       50%          1%          3
e - Foxfire               Conj/Fire      88%          2%          1
f - Summon Lightning Spi  Summ/Air       55%          1%          4
g - Inner Flame           Hex/Fire       36%          2%          3

Your spell library contained the following spells:

 Spells                   Type           Power        Failure   Level
 Confusing Touch          Hex            38%          1%          3
 Conjure Flame            Conj/Fire      22%          6%          3
 Summon Ice Beast         Ice/Summ       36%          8%          4
 Gell's Gravitas          Tloc           5%           14%         3
 Sticky Flame             Conj/Fire      22%          22%         4
 Petrify                  Tmut/Erth      11%          43%         4
 Metabolic Englaciation   Hex/Ice        12%          45%         5
 Yara's Violent Unravell  Hex/Tmut       12%          45%         5
 Fireball                 Conj/Fire      11%          52%         5


Dungeon Overview and Level Annotations

Branches:
Dungeon (11/15)            Temple (1/1) D:4            Lair (0/6) D:10
    Orc: D:9-12

Altars:
Ashenzari
Cheibriados
Dithmenos
Elyvilon
Fedhas
Gozag
Hepliaklqana
Kikubaaqudgha
Makhleb
Nemelex Xobeh
Okawaru
Qazlal
Ru
Sif Muna
Trog
Uskayaw
Vehumet
Wu Jian
Xom
Yredelemnul
Zin
The Shining One

Shops:
D:5 (   D:7 ??(((   D:8 [


Innate Abilities, Weirdness & Mutations

You cannot wear armour.
You are incapable of wielding weapons or throwing items.
Your paws allow you to move quietly. (Stealth)
You have sharp claws.
You have razor-sharp teeth.
You have supernaturally acute eyesight. (SInv)
You cover ground quickly.
You are covered in thick fur. (AC +2)
Your sharp claws are effective at attacking unaware monsters.
Your mind is acute. (Int +2)
You are somewhat resistant to further mutation.


Message History

t - Meow!
Orders for allies: a - Attack new target. p - Attack previous target. r - Retreat! s - Stop attacking. g - Guard the area. f - Follow me.
Anything else - Cancel.
Gang up on whom?
Press: ? - help, Dir - move target, f - electric eel, p - rat
Aim: an electric eel Attack!
The electric eel shoots out a bolt of lightning at you!
The bolt of electricity hits you!
Your rat closely misses the electric eel.
Your rat closely misses the electric eel.
The electric eel shoots out a bolt of lightning at you!
The bolt of electricity hits you!
* * * LOW HITPOINT WARNING * * *
Your rat misses the electric eel.
The electric eel shoots out a bolt of lightning at you!
The bolt of electricity hits you!
You die...

..............'....#
...######.....#'##.#
...# ###'#......# ...+
#..#......#
..(#######..#<.....#
#..)<....#..#......#
#...((...#..#......#
#.....(..#..#......#
#........#..#...@..#
.........####......#
........(..........#
.########(............
. .........#....# .
≈;.≈;.≈≈≈'....#
≈.≈r≈..≈≈....##
≈≈≈≈≈≈≈≈≈≈≈.≈#
.)...≈≈...≈≈.≈


You could see 2 electric eels and a friendly rat (summoned, inner flame).

Vanquished Creatures
  A two-headed ogre (D:9)
  Prince Ribbit (D:7)
  4 yaks
  3 wyverns
  A water moccasin (D:9)
  2 sky beasts
  An orc warrior (D:9)
  3 phantoms
  An ogre (D:10)
  A centaur (D:11)
  3 bullfrogs
  2 killer bees (D:6)
  A wight (D:8)
  A bullfrog zombie (D:8)
  A hound (D:9)
  A jelly (D:10)
  A worker ant (D:9)
  An adder (D:9)
  A white imp (D:5)
  A nameless horror (D:7)
  8 orcs
  2 giant cockroaches (D:5)
  4 goblins
  A hobgoblin (D:1)
  A jackal (D:2)
  A kobold (D:2)
  6 bats
  A quokka skeleton (D:5)
  4 rats
59 creatures vanquished.

Vanquished Creatures (collateral kills)
  Harold (D:8)
  A centaur skeleton (D:11)
  2 trolls
  Grinder (D:6)
  A hornet (D:9)
  3 yaks
  A wraith (D:8)
  2 wyverns
  The ghost of oc3rt the Slasher, an amateur TeBe of Trog (D:5)
  3 water moccasins
  3 ice beasts
  2 orc warriors
  2 black bears
  3 ogres
  An eye of draining (D:9)
  2 necrophages
  2 phantoms
  2 sky beasts
  6 centaurs
  2 bullfrogs
  2 elf skeletons (D:8)
  5 scorpions
  4 killer bees
  4 wights
  An electric eel (D:11)
  8 howler monkeys
  3 human zombies (D:8)
  2 jellies
  8 hounds
  2 bullfrog skeletons (D:9)
  3 orc priests
  2 iguanas
  Jessica (D:3)
  2 human skeletons (D:8)
  6 orc wizards
  8 worker ants
  A bullfrog simulacrum (D:11)
  A centaur simulacrum (D:11)
  A mummy (D:8)
  A worker ant zombie (D:7)
  12 adders
  A howler monkey skeleton (D:4)
  3 nameless horrors
  A shadow imp (D:7)
  4 white imps
  2 ufetubi (D:8)
  An adder skeleton (D:9)
  An adder zombie (D:8)
  2 worms
  A dart slug (D:3)
  23 orcs
  A ball python (D:6)
  8 bats
  2 giant cockroaches
  6 goblins
  9 hobgoblins
  11 jackals
  4 kobolds (D:3)
  4 quokkas
  3 frilled lizards
  A leopard gecko zombie (D:7)
  An orc zombie (D:8)
  2 quokka skeletons
  3 quokka zombies
  4 rats
216 creatures vanquished.

Vanquished Creatures (others)
  A two-headed ogre (D:8)
  A troll (D:11)
  A slime creature (D:9)
  An orc warrior (D:9)
  A phantom (D:7)
  3 wights (D:6)
  A worker ant (D:8)
  A nameless horror (D:7)
  11 plants
21 creatures vanquished.

Grand Total: 296 creatures vanquished

Notes
Turn   | Place    | Note
-------+----------+-------------------------------------------
     0 | D:1      | jlumianski the Felid Summoner began the quest for the Orb.
     0 | D:1      | Reached XP level 1. HP: 7/7 MP: 4/4
   610 | D:1      | Reached XP level 2. HP: 11/11 MP: 1/6
   613 | D:1      | Learned a level 2 spell: Call Imp
  1064 | D:2      | Noticed a howler monkey
  1081 | D:2      | Killed a howler monkey
  1082 | D:2      | Reached XP level 3. HP: 14/14 MP: 2/7
  1757 | D:2      | Found a glowing golden altar of the Shining One.
  1904 | D:2      | Learned a level 3 spell: Call Canine Familiar
  2707 | D:3      | Reached XP level 4. HP: 18/18 MP: 1/9
  2884 | D:3      | Noticed Jessica
  2895 | D:3      | Killed Jessica
  3311 | D:3      | Found an ornate altar of the Wu Jian Council.
  3354 | D:3      | Reached skill level 5 in Summonings
  4149 | D:4      | Found a staircase to the Ecumenical Temple.
  4161 | Temple   | Entered the Ecumenical Temple
  4240 | Temple   | Became a worshipper of Sif Muna the Loreminder
  4296 | D:4      | Noticed a centaur
  4296 | D:4      | Noticed a centaur
  4301 | D:4      | Shot with an arrow by a centaur
  4302 | D:4      | Reached XP level 3. HP: -9/14 MP: 5/8
  4482 | D:4      | Reached XP level 4. HP: 18/18 MP: 6/9
  4541 | D:4      | Killed a centaur
  4772 | D:4      | Found a shadowy altar of Dithmenos.
  4793 | D:4      | Fell from the grace of Sif Muna
  4793 | D:4      | Became a worshipper of Dithmenos the Shadowed
  4921 | D:4      | Killed a centaur
  4922 | D:4      | Reached XP level 5. HP: 13/21 MP: 3/11
  5626 | D:5      | Entered Level 5 of the Dungeon
  5648 | D:5      | Found a large runed translucent door.
  5648 | D:5      | Found a large runed translucent door.
  5652 | D:5      | Noticed oc3rt's ghost (amateur TeBe)
  5681 | D:5      | Killed oc3rt's ghost
  5682 | D:5      | Reached skill level 1 in Unarmed Combat
  5682 | D:5      | Gained mutation: You are covered in thick fur. (AC +2)
                  | [Felid growth]
  5682 | D:5      | Reached XP level 6. HP: 9/24 MP: 1/13
  5885 | D:5      | Reached skill level 6 in Summonings
  5948 | D:5      | Learned a level 3 spell: Summon Guardian Golem
  6064 | D:5      | Found a hazy altar of Hepliaklqana.
  6099 | D:5      | Found Bailara's Weapon Shoppe.
  6111 | D:5      | Reached * piety under Dithmenos
  6403 | D:5      | Found a sparkling altar of Nemelex Xobeh.
  6422 | D:5      | Noticed an ice beast
  6459 | D:5      | Killed an ice beast
  6460 | D:5      | Reached skill level 1 in Air Magic
  6460 | D:5      | Reached XP level 7. HP: 27/27 MP: 2/14
  7029 | D:5      | Found a burning altar of Makhleb.
  7033 | D:5      | Noticed a cacodemon
  7034 | D:5      | Found a glowing silver altar of Zin.
  7035 | D:5      | Noticed an angel
  7151 | D:6      | Found a stormy altar of Qazlal.
  7546 | D:6      | Slain by a wight
  7547 | D:6      | Reached XP level 6. HP: -5/23 MP: 3/13
  7570 | D:6      | Learned a level 1 spell: Foxfire
  7584 | D:6      | Found a sacrificial altar of Ru.
  8016 | D:6      | Noticed Grinder
  8021 | D:6      | Reached skill level 1 in Hexes
  8065 | D:6      | Killed Grinder
  8450 | D:6      | Reached XP level 7. HP: 21/27 MP: 5/15
  8794 | D:6      | HP: 1/27 [poisoned by a killer bee]
  9558 | D:6      | Reached skill level 5 in Spellcasting
  9984 | D:7      | Noticed Prince Ribbit
 10049 | D:7      | Killed Prince Ribbit
 10050 | D:7      | Reached skill level 5 in Dodging
 10096 | D:7      | Was forgiven by Sif Muna
 10396 | D:7      | Found Aruluptu's Magic Scroll Shop.
 10397 | D:7      | Found Obeteel's Antique Weapon Shop.
 10398 | D:7      | Found Vicagar's Antique Weapon Shop.
 10414 | D:7      | Found Jukea's Weapon Shop.
 10435 | D:7      | Bought a scroll of blinking for 105 gold pieces
 10435 | D:7      | Bought a scroll of magic mapping for 49 gold pieces
 10517 | D:7      | Found a radiant altar of Vehumet.
 10517 | D:7      | Found an iron altar of Okawaru.
 10658 | D:7      | Reached skill level 7 in Summonings
 10754 | D:7      | Found Cuvadal's Magic Scroll Boutique.
 10762 | D:7      | Bought a scroll of teleportation for 48 gold pieces
 10762 | D:7      | Bought a scroll of fear for 56 gold pieces
 10774 | D:7      | Reached XP level 8. HP: 28/31 MP: 10/17
 10964 | D:8      | Reached ** piety under Dithmenos
 10965 | D:8      | Reached skill level 5 in Stealth
 11123 | D:8      | Learned a level 4 spell: Summon Lightning Spire
 11127 | D:8      | Learned a level 3 spell: Inner Flame
 11205 | D:8      | Reached skill level 1 in Fighting
 11468 | D:8      | Found an ancient bone altar of Kikubaaqudgha.
 11513 | D:8      | Reached skill level 1 in Fire Magic
 11827 | D:8      | Noticed a two-headed ogre
 11837 | D:8      | Killed a two-headed ogre
 12207 | D:8      | Reached XP level 9. HP: 35/35 MP: 13/19
 12273 | D:8      | Found Plog's Armour Shop.
 12677 | D:8      | Noticed Harold
 12714 | D:8      | Killed Harold
 12715 | D:8      | Reached skill level 5 in Air Magic
 13195 | D:9      | Reached *** piety under Dithmenos
 13335 | D:9      | Reached skill level 8 in Summonings
 13428 | D:9      | Gained mutation: Your mind is acute. (Int +2) [potion of
                  | mutation]
 13428 | D:9      | Gained mutation: You are somewhat resistant to further
                  | mutation. [potion of mutation]
 13624 | D:9      | Found a blossoming altar of Fedhas.
 13677 | D:9      | Noticed a troll
 14023 | D:9      | Noticed a two-headed ogre
 14031 | D:9      | Killed a two-headed ogre
 14032 | D:9      | Reached XP level 10. HP: 39/39 MP: 11/21
 14224 | D:9      | Reached skill level 5 in Unarmed Combat
 15077 | D:10     | Entered Level 10 of the Dungeon
 15130 | D:9      | Reached **** piety under Dithmenos
 15396 | D:9      | Slain by a wyvern
 15397 | D:9      | Reached XP level 9. HP: 0/35 MP: 19/21
 15926 | D:10     | Found a staircase to the Lair.
 16275 | D:10     | Noticed a troll
 16298 | D:10     | Killed a troll
 17350 | D:10     | Reached XP level 10. HP: 39/39 MP: 9/22
 17748 | D:11     | Reached skill level 9 in Summonings
 17815 | D:11     | Killed from afar by an electric eel

Illustrated notes

Levels and vault maps discovered:
D:1:      arrival_zaba_pyramid, layout_basic, minivault_24
D:2:      layout_basic, general_overflow_altar
D:3:      minmay_chambers_of_threes, layout_basic, lemuel_doored_altar,
          uniq_jessica
D:4:      layout_loops_corners, lemuel_crystal_altar,
          minmay_temple_entry_slanted, kennysheep_cross_room,
          small_statue_intersection, minmay_manual_mares
D:5:      layout_basic, lemuel_round_altar, lemuel_crystal_altar,
          grunt_temple_overflow_order_and_chaos_2, ebering_ghost_disaster_area,
          serial_shops, shop_statue
D:6:      layout_basic, grunt_qazlal_sundering,
          nicolae_ru_great_annihilating_truth, chequers_serial_rivers_small_b,
          uniq_grinder
D:7:      layout_rooms, gammafunk_temple_overflow_elements, serial_shops, shop,
          grunt_ministairs_6, minmay_shop_grid_forest,
          kennysheep_generic_room_13, uniq_prince_ribbit1
D:8:      layout_basic, lemuel_mausoleum_altar_kikubaaqudgha, serial_shops,
          nicolae_shop_trees, uniq_harold
D:9:      minmay_ornate_pinched, layout_stronghold, fedhas_ov_isle_minmay
D:10:     layout_irregular_city, minmay_lair_entry_grove, serial_column_ruins,
          column_ruins_hut, column_ruins_open_small,
          column_ruins_open_small_water, column_ruins_open_medium,
          column_ruins_columns_straight, column_ruins_open_tiny
D:11:     minmay_the_grid_triangle_9x9_rhombus_full
          [minmay_the_grid_triangle_9x9_fully_insulated_deathbox,
          minmay_the_grid_triangle_9x9_sprig,
          minmay_the_grid_triangle_9x9_skeleton,
          minmay_the_grid_triangle_9x9_zippers_vertical,
          minmay_the_grid_triangle_9x9_descending_squares,
          minmay_the_grid_triangle_9x9_corruption,
          minmay_the_grid_triangle_9x9_pentomino_pain,
          minmay_the_grid_triangle_9x9_prize_special], layout_gridville,
          serial_ice, serial_ice_f, serial_ice_g, serial_ice_o, serial_ice_e,
          serial_ice_m, serial_ice_d, serial_ice_j,
          portal_ice_cave_entry_ice_beasts, nicolae_alphabet_shops, uniq_snorg
Temple:   dpeg_three_leaves_temple

Skill      XL: |  1  2  3  4  5  6  7  8  9 10 |
---------------+-------------------------------+-----
Stealth        | 3 4 5 |  5.4
Summonings     | 5 6 7 8 9 |  9.0
Spellcasting   | 3 4 5 6 7 8 |  8.0
Dodging        | 3 4 5 6 7 8 |  8.1
Unarmed Combat | 1 2 3 4 5 |  5.9
Air Magic      | 2 3 4 7 |  7.5
Hexes          | 1 2 4 |  4.8
Fighting       | 1 |  1.3
Fire Magic     | 2 3 4 |  4.0
Evocations     | |  0.1

Action                   |  1- 3 |  4- 6 |  7- 9 | 10-12 || total
-------------------------+-------+-------+-------+-------++-------
Melee: Unarmed           |    35 |    47 |   131 |    18 ||   231
       Bite              |     3 |     6 |    12 |       ||    21
       Punch             |       |       |     2 |       ||     2
 Cast: Summon Small Mamm |    63 |    16 |    40 |    18 ||   137
       Call Imp          |    24 |    51 |    69 |     9 ||   153
       Call Canine Famil |     6 |    31 |    58 |    10 ||   105
       Summon Guardian G |       |     9 |    54 |    10 ||    73
       Inner Flame       |       |       |    23 |     9 ||    32
       Summon Lightning  |       |       |     2 |       ||     2
Evoke: Wand              |       |     1 |     4 |       ||     5
  Use: Scroll            |     6 |     7 |     5 |       ||    18
       Potion            |       |     7 |     6 |       ||    13
 Stab: Sleeping          |    13 |     3 |     6 |       ||    22
       Distracted        |     1 |     2 |     2 |       ||     5
Armor: Skin              |     6 |     6 |    29 |     5 ||    46
Dodge: Dodged            |    41 |    56 |   224 |    49 ||   370
